 Dungeon Crawl Stone Soup version 0.29.1-12-g30fa7ad0bf (webtiles) character file.

Game seed: 2566657159665013777

62 raph the Stinger (level 4, 0/30 HPs)
             Began as a Merfolk Venom Mage on Jan 8, 2023.
             Was an Initiate of Vehumet.
             Slain by a gnoll
             ... wielding a +0 spear
             ... led by a gnoll sergeant
              (2 damage)
             ... on level 5 of the Dungeon.
             The game lasted 00:04:53 (3217 turns).

raph the Stinger (Merfolk Venom Mage)               Turns: 3217, Time: 00:04:54

Health: 0/30       AC:  5    Str:  8    XL:     4   Next: 8%
Magic:  4/7        EV: 12    Int: 16    God:    Vehumet [......]
Gold:   112        SH:  0    Dex: 14    Spells: 1/7 levels left

rFire   . . .      SeeInvis .   d - +0 dagger
rCold   + . .      Faith    .   (no shield)
rNeg    . . .      Spirit   .   e - +2 robe {rC+}
rPois   .          Reflect  .   (no helmet)
rElec   .          Harm     .   (no cloak)
rCorr   .          Rampage  .   (no gloves)
Will    .....                   m - +0 pair of boots
Stlth   ++........              (no amulet)
HPRegen 0.10/turn               (no ring)
MPRegen 0.10/turn               (no ring)

@: no status effects
A: (nimble swimmer 2), mertail
a: Renounce Religion


You were on level 5 of the Dungeon.
You worshipped Vehumet.
Vehumet was noncommittal.
You visited 1 branch of the dungeon, and saw 5 of its levels.

You collected 229 gold pieces.
You spent 117 gold pieces at shops.

Inventory:

Hand Weapons
 d - a +0 dagger (weapon)
Armour
 a - a +0 robe
 e - a +2 robe of cold resistance (worn)
 m - a +0 pair of boots (worn)
Jewellery
 n - a +6 ring of intelligence
Scrolls
 j - 3 scrolls of identify {unknown}
Potions
 c - 2 potions of curing {unknown}
 f - 2 potions of attraction {unknown}
 g - 2 potions of resistance {unknown}
 h - 2 potions of mutation {unknown}
 i - 2 potions of berserk rage {unknown}
 k - a potion of brilliance {unknown}
 l - a potion of lignification {unknown}


   Skills:
 - Level 2.6 Dodging
 - Level 2.1 Stealth
 + Level 2.1 Spellcasting
 - Level 1.3 Transmutations
 * Level 5.2 Poison Magic


You had one spell level left.
You knew the following spells:

 Your Spells              Type           Power      Damage    Failure   Level
a - Sting                 Tmut/Pois      48%        1d5       5%          1
b - Poisonous Vapours     Pois/Air       20%        N/A       11%         2
c - Mephitic Cloud        Conj/Pois/Air  7%         N/A       30%         3

Your spell library contained the following spells:

 Spells                   Type           Power      Damage    Failure   Level
 Olgreb's Toxic Radiance  Pois           18%        N/A       24%         4


Dungeon Overview and Level Annotations

Branches:
Dungeon (6/15)
 Temple: D:4-7

Altars:
Qazlal
Vehumet

Shops:
D:1 [

Annotations:
D:6 Menkaure


Innate Abilities, Weirdness & Mutations

((You are very nimble when in or above water. (Stealth+, EV+, Speed+++)))
Your lower body shifts to a powerful aquatic tail in water.


Message History

The gnoll shouts!
There is an open door here.
Aiming: Sting (safe; 5% risk of failure)
Press: ? - help, Q - select action, (/) - cycle Shift-Dir - straight line, f/p - gnoll sergeant
Aim: a gnoll sergeant, wielding a +0 spear and wearing a +0 ring mail (heavily wounded, 79% to hit)
The sting hits the gnoll sergeant but does no damage.
The gnoll sergeant is poisoned.
The gnoll sergeant is heavily wounded.
The gnoll sergeant closely misses you. The gnoll misses you.
The gnoll attacks as you move away! The gnoll barely misses you.
You open the door.
A gnoll comes into view. It is wielding a +0 halberd.
The gnoll sergeant hits you from afar with a +0 spear.
The gnoll closely misses you. The gnoll hits you with a +0 club.
* * * LOW HITPOINT WARNING * * *
A gnoll comes into view. It is wielding a +0 spear.
The gnoll attacks as you move away! The gnoll hits you with a +0 club.
* * * LOW HITPOINT WARNING * * *
The gnoll shouts!
The gnoll sergeant looks more healthy.
Magic courses through your body.
The gnoll throws a stone.
The stone hits you but does no damage.
The gnoll hits you from afar with a +0 spear.
* * * LOW HITPOINT WARNING * * *
Casting: Sting (safe; 5% risk of failure)
Confirm with . or Enter, or press ? or * to list all spells.
Aiming: Mephitic Cloud (quite dangerous; 30% risk of failure)
Press: ? - help, Shift-Dir - straight line, f/p - gnoll sergeant
Aim: a gnoll sergeant, wielding a +0 spear and wearing a +0 ring mail (almost dead, chance to affect: 81%)
The ball explodes into a vile cloud!
The stinking cloud engulfs the gnoll but does no damage.
The stinking cloud engulfs the gnoll sergeant but does no damage.
The gnoll sergeant is almost dead.
The gnoll is engulfed in noxious fumes.
The gnoll appears confused.
The gnoll closely misses you.
The gnoll is engulfed in noxious fumes.
The gnoll appears confused.
The gnoll is engulfed in noxious fumes.
The gnoll appears confused.
The gnoll hits you from afar with a +0 spear.
You die...

#.##......... #.
##'####.......
#.####......#######
#....'......#
#..##g°g....#
#.###g###...#
#.#§.○○§#...#
#.#.....#...#
#.@.._....###
###.g...### #☼...☼#
###.### #..# #.##
#.####
#....##########
#..............


You could see a gnoll sergeant and 3 gnolls.

Vanquished Creatures
  A gnoll (D:5)
  An adder (D:2)
  A dart slug (D:1)
  5 ball pythons
  5 endoplasms
  A giant cockroach (D:2)
  3 goblins
  3 hobgoblins (D:1)
  2 jackals (D:1)
  2 quokkas
  3 frilled lizards
  6 kobolds
  5 rats
38 creatures vanquished.

Notes
Turn   | Place    | Note
-------+----------+-------------------------------------------
     0 | D:1      | raph the Merfolk Venom Mage began the quest for the Orb.
     0 | D:1      | Reached XP level 1. HP: 13/13 MP: 3/3
   473 | D:1      | Reached XP level 2. HP: 18/19 MP: 1/5
   551 | D:1      | Reached skill level 4 in Poison Magic
   574 | D:1      | Found Onuehion's Antique Armour Shoppe.
   615 | D:1      | Learned a level 2 spell: Poisonous Vapours
   913 | D:1      | Reached XP level 3. HP: 24/24 MP: 3/6
   917 | D:1      | Learned a level 3 spell: Mephitic Cloud
  1855 | D:2      | Reached skill level 5 in Poison Magic
  1945 | D:2      | Found a radiant altar of Vehumet.
  1968 | D:2      | Became a worshipper of Vehumet
  2675 | D:1      | Bought a pair of boots for 117 gold pieces
  2742 | D:3      | You fall into a shaft and drop 3 floors!
  2743 | D:6      | Noticed Menkaure
  2764 | D:5      | Entered Level 5 of the Dungeon
  3036 | D:5      | Found a stormy altar of Qazlal.
  3065 | D:5      | Reached XP level 4. HP: 24/30 MP: 1/7
  3144 | D:5      | Noticed a gnoll sergeant
  3217 | D:5      | Slain by a gnoll

Illustrated notes

Levels and vault maps discovered:
D:1:      elethiomel_arrival_shortcut, layout_loops_ring, serial_shops,
          nicolae_shop_advertising_works [nicolae_subvault_shop_adworks],
          minmay_pentomino_r4
D:2:      layout_loops_ring, basic_altar, hex_medium, nicolae_underground_beach
D:3:      layout_loops_ring, evilmike_ruin_ashenzari, serial_shops, shop
D:5:      layout_basic, grunt_qazlal_clouds, serial_bayou_lagoon_a
D:6:      layout_gridville, mainiacjoe_overflow_boulevard,
          grunt_temple_overflow_open, minmay_temple_entry_mini_moons,
          sigmund_army, uniq_menkaure

Skill      XL: |  1  2  3 |
---------------+----------+-----
Poison Magic   | 4 5 |  5.2
Dodging        | |  2.6
Stealth        | |  2.1
Spellcasting   | |  2.1
Transmutations | |  1.3

Action                   |  1- 3 |  4- 6 || total
-------------------------+-------+-------++-------
Melee: Unarmed           |     9 |       ||     9
       Dagger            |    17 |       ||    17
       Punch             |     1 |       ||     1
 Cast: Sting             |    50 |     4 ||    54
       Poisonous Vapours |    12 |     2 ||    14
       Mephitic Cloud    |       |     2 ||     2
  Use: Scroll            |     1 |       ||     1
       Potion            |       |     1 ||     1
 Stab: Sleeping          |     1 |       ||     1
Armor: Robe              |     8 |     1 ||     9
Dodge: Dodged            |    27 |     7 ||    34
